 Dungeon Crawl Stone Soup version 0.27.0-66-gdc8fb28755 (webtiles) character file.

Game seed: 7508622418865834151

242 powerkranz the Ruffian (level 6, 0/52 HPs)
             Began as a Ghoul Monk on Aug 19, 2021.
             Killed from afar by an orc wizard (8 damage)
             ... with a puff of flame
             ... on level 4 of the Dungeon.
             The game lasted 00:10:36 (4055 turns).

powerkranz the Ruffian (Ghoul Monk)                 Turns: 4055, Time: 00:10:37

Health: 0/52       AC:  4    Str: 16      XL:     6   Next: 9%
Magic:  5/5        EV: 12    Int:  4 (5)  God:
Gold:   120        SH:  0    Dex: 11 (12) Spells: 5/5 levels left

rFire    . . .     SeeInvis .     - Unarmed
rCold    + . .     Faith    .   (no shield)
rNeg     + + +     Spirit   .   a - +0 robe
rPois    ∞         Reflect  .   c - +1 hat {This is not a hat}
rElec    .         Harm     .   (no cloak)
rCorr    .         Rampage  .   b - +0 pair of gloves
Will     .....                  (no boots)
Stlth    ++........             (no amulet)
HPRegen  0.00/turn              (no ring)
MPRegen  0.09/turn              (no ring)

@: inhibited regen
A: claws 1, cold resistance 1, negative energy resistance 3, inhibited
regeneration, torment resistance 2
a: no special abilities


You were on level 4 of the Dungeon.
You visited 1 branch of the dungeon, and saw 4 of its levels.

You collected 120 gold pieces.

Inventory:

Armour
 a - a +0 robe (worn)
 b - a +0 pair of gloves (worn)
 c - a +1 hat (worn) {This is not a hat}
Wands
 j - a wand of polymorph (9)
Scrolls
 f - a scroll of fear
 g - a scroll of amnesia
Potions
 e - 2 potions of berserk rage


   Skills:
 + Level 4.1 Fighting
 + Level 3.4 Dodging
 + Level 3.3 Stealth
 + Level 5.7 Unarmed Combat


You had 5 spell levels left.
You didn't know any spells.
Your spell library contained the following spells:

 Spells                   Type           Power      Damage    Failure   Level
 Corona                   Hex            0%         N/A       50%         1
 Ensorcelled Hibernation  Hex/Ice        0%         N/A       65%         2
 Tukima's Dance           Hex            0%         N/A       86%         3


Dungeon Overview and Level Annotations

Branches:
Dungeon (4/15)
 Temple: D:4-7

Altars:


Innate Abilities, Weirdness & Mutations

You thrive by killing the living.
You are immune to poison.
You have sharp fingernails.
Your flesh is cold resistant. (rC+)
You are immune to negative energy. (rN+++)
You do not regenerate when monsters are visible.
You are immune to unholy pain and torment.


Message History

The adder bites you.
The orc priest mumbles some strange prayers to Beogh against you.
Beogh smites you!
The orc wizard mumbles some strange words.
The orc wizard flickers and vanishes!
Deactivating autopickup; reactivate with Ctrl-A.
The orc priest miscasts a cantrip.
The adder bites you but does no damage. The adder misses you.
The adder closely misses you.
You punch the adder!
The adder is severely wounded.
The adder barely misses you.
You miss the adder.
The adder is severely wounded.
The adder closely misses you. The adder misses you.
You hit the adder.
You kill the adder!
You barely miss the hobgoblin. The hobgoblin hits you.
You hit the hobgoblin.
You kill the hobgoblin!
You feel better.
You hit something but do no damage. Something hits you.
The orc hits you from afar with a +0 trident.
You miss something. You punch something. Something hits you.
The orc hits you from afar with a +0 trident.
The orc priest miscasts a cantrip.
You closely miss something. Something hits you.
The orc hits you from afar with a +0 trident.
You closely miss something. Something hits you.
* * * LOW HITPOINT WARNING * * *
The orc closely misses you.
You hear some strange, mumbled words.
A puff of flame appears from out of thin air!
The puff of flame hits you!
* * * LOW HITPOINT WARNING * * *
A puff of flame appears from out of thin air!
The puff of flame hits you!
You die...

#.# #.# #.# #.# #.#
####.###### #.#
#.........# #†#
#.##.#.##'## #o#
#[#..#.#≈≈≈# #o#
#.##.#.+≈≈≈'
#.#############.##.#.#≈≈≈#
#.#...{..@......##.#.##+##
#...oo....########.#.#
.######...#####.# #.#.#
.............##.# #..
.........###.##.#
#######......##.#
##.######.# #.# #.# #.#
#.#


You could see an orc priest and an orc.

Vanquished Creatures
  A phantom (D:4)
  Natasha (twice) (D:3)
  5 adders
  An ufetubus (D:3)
  3 worms
  A bat skeleton (D:2)
  10 endoplasms
  2 giant cockroaches (D:1)
  5 goblins
  5 hobgoblins
  7 kobolds
  3 quokkas (D:1)
  A ball python (D:3)
  A ball python skeleton (D:2)
  A ball python zombie (D:2)
  5 bats
  3 frilled lizards (D:1)
  A jackal skeleton (D:2)
  A jackal zombie (D:2)
  A quokka skeleton (D:2)
  2 quokka zombies (D:2)
  6 rats
67 creatures vanquished.

Vanquished Creatures (others)
  2 withered plants (D:2)
2 creatures vanquished.

Grand Total: 69 creatures vanquished

Notes
Turn   | Place    | Note
-------+----------+-------------------------------------------
     0 | D:1      | powerkranz the Ghoul Monk began the quest for the Orb.
     0 | D:1      | Reached XP level 1. HP: 19/19 MP: 0/0
   142 | D:1      | Reached XP level 2. HP: 23/26 MP: 1/1
   678 | D:1      | Found a faded altar of an unknown god.
   736 | D:1      | Reached XP level 3. HP: 33/33 MP: 2/2
  1237 | D:2      | Reached skill level 4 in Unarmed Combat
  1926 | D:2      | Reached XP level 4. HP: 37/40 MP: 3/3
  2385 | D:3      | Noticed Natasha
  2406 | D:3      | Killed Natasha
  2856 | D:3      | Reached XP level 5. HP: 46/46 MP: 4/4
  2931 | D:3      | Reached skill level 5 in Unarmed Combat
  2937 | D:3      | Noticed Natasha
  2970 | D:3      | Killed Natasha
  3876 | D:4      | Noticed a phantom
  3881 | D:4      | Killed a phantom
  3882 | D:4      | Reached XP level 6. HP: 45/52 MP: 5/5
  4055 | D:4      | Killed from afar by an orc wizard

Illustrated notes

Levels and vault maps discovered:
D:1:      giann_horns, layout_basic, shapermc_ecumenical_altar_mp_highgroup,
          serial_rivers, chequers_serial_rivers_large_a,
          chequers_serial_rivers_micro_a, chequers_serial_rivers_room_a,
          chequers_serial_rivers_marsh, chequers_serial_rivers_small_b
D:2:      layout_basic, serial_undead, serial_undead_a, serial_undead_d,
          serial_undead_f, serial_undead_a, minmay_misc_feat_enclosed
D:3:      layout_basic, grunt_ministairs_10, uniq_natasha
D:4:      layout_basic, makhleb_altar_promises_db, cheibrodos_ashenzari_chains,
          minmay_liquid_box

Skill      XL: |  1  2  3  4  5 |
---------------+----------------+-----
Dodging        | 3 |  3.4
Unarmed Combat | 4 5 |  5.7
Fighting       | 4 |  4.1
Stealth        | 3 |  3.3

Action                   |  1- 3 |  4- 6 || total
-------------------------+-------+-------++-------
Melee: Unarmed           |   128 |    99 ||   227
       Punch             |     1 |     1 ||     2
  Use: Potion            |       |     4 ||     4
       Scroll            |       |     4 ||     4
 Stab: Sleeping          |     5 |     2 ||     7
Armor: Robe              |    27 |     8 ||    35
Dodge: Dodged            |    65 |    50 ||   115
